 Dungeon Crawl Stone Soup version 0.16.1-5-gaa23807 (webtiles) character file.

9705 Chiseanne the Basher (level 11, -1/184 HPs)
             Began as an Ogre Berserker on Mar 28, 2015.
             Was a High Priest of Trog.
             Slain by a cyan ugly thing (15 damage)
             ... on level 11 of the Dungeon.
             The game lasted 00:35:45 (9744 turns).

Chiseanne the Basher (Ogre Berserker)               Turns: 9744, Time: 00:35:46

Health: -1/184     AC:  6    Str: 29    XL:     11   Next: 50%
Magic:  3/3        EV: 14    Int:  6    God:    Trog [*****.]
Gold:   747        SH:  0    Dex: 12    Spells: 0 memorised, 10 levels left

rFire  . . .     SeeInvis .     a - +4 great mace (antimagic) {god gift}
rCold  . . .     Clarity  .     u - +1 robe {rN+}
rNeg   + . .     SustAb   .     (shield restricted)
rPois  .         Gourm    .     (helmet restricted)
rElec  .         Spirit   .     o - +1 cloak
rCorr  .         Warding  .     (gloves unavailable)
rMut   .         Stasis   .     (boots unavailable)
MR     +++..                    (no amulet)
Stlth  ..........               (no ring)
                                (no ring)

@: berserking, lethally poisoned (-1 -> -1), regenerating, very quick, extremely
resistant to hostile enchantments, extremely unstealthy
A: unfitting armour, tough skin 1
a: Burn Spellbooks, Berserk, Trog's Hand, Brothers in Arms, Renounce Religion


You were on level 11 of the Dungeon.
You worshipped Trog.
Trog was extremely pleased with you.
You were hungry.

You visited 1 branch of the dungeon, and saw 9 of its levels.

You collected 747 gold pieces.

Inventory:

Hand weapons
 a - a +4 antimagic great mace (weapon) {god gift}
 s - a +0 giant spiked club of protection
 w - a +0 blowgun
 K - a +6 antimagic dire flail {god gift}
Missiles
 f - 4 large rocks (quivered)
 h - 97 poisoned needles
 m - 3 throwing nets
 x - 7 tomahawks of returning
 A - 8 tomahawks
 G - 6 steel tomahawks
Armour
 o - a +1 cloak (worn)
 q - a +2 cloak
 u - a +1 robe of positive energy (worn)
 J - a cursed +0 large shield
Jewellery
 k - an uncursed ring of fire
Scrolls
 b - 3 scrolls of remove curse
 t - a scroll of fog
 y - 2 scrolls of identify
 B - 2 scrolls of teleportation
 E - a scroll of amnesia {unknown}
Potions
 d - a potion of cure mutation
 e - 6 potions of curing
 g - a potion of haste
 i - a potion of resistance
 j - a potion of degeneration {unknown}
 l - a potion of restore abilities
 n - a potion of agility {unknown}
 p - 2 potions of cancellation {unknown}
 r - a potion of invisibility
 v - a potion of mutation {unknown}
 z - a potion of brilliance {unknown}
 C - a potion of poison {unknown}
 L - a potion of might {unknown}
Books
 H - a book of Control

   Spells                             Type                      Level
   a - Control Teleport               Charms/Translocation         4
   b - Control Undead                 Necromancy                   4
   c - Enslavement                    Hexes                        4
   d - Metabolic Englaciation         Hexes/Ice                    5
   e - Mass Confusion                 Hexes                        6
   Trog disapproves of the use of such an item.
Comestibles
 c - 4 meat rations
 D - 5 beef jerkies
 F - 6 bread rations
 I - a royal jelly


   Skills:
 * Level 12.1 Fighting
 * Level 13.8 Maces & Flails
 * Level 1.3 Throwing
 - Level 1.5 Armour
 * Level 10.2 Dodging


You had 10 spell levels left.
You didn't know any spells.

Dungeon Overview and Level Annotations

Branches:
Dungeon (11/15)              Lair (0/8) D:9             Orc (0/4) D:11
 Temple: D:4-7

Altars:
Gozag
The Shining One

Shops:
D:4 *


Innate Abilities, Weirdness & Mutations

You are too large for most types of armour.
You have tough skin (AC +1).


Message History

You feel slightly more hungry.
You feel sick. The cyan ugly thing gores you! The cyan ugly thing shocks you!
* * * LOW HITPOINT WARNING * * *
Use which ability? (? or * to list)
A red film seems to cover your vision as you go berserk!
You feel yourself moving faster!
You feel mighty!
You are feeling hungry.
The cyan ugly thing gores you!
* * * LOW HITPOINT WARNING * * *
The cyan ugly thing shocks you!
* * * LOW HITPOINT WARNING * * *
You closely miss the cyan ugly thing.
The cyan ugly thing is lightly wounded.
You feel sick.
You hit the cyan ugly thing!!
The cyan ugly thing is heavily wounded.
The cyan ugly thing gores you!
* * * LOW HITPOINT WARNING * * *
The cyan ugly thing shocks you!
You die...

#.#.# ..#.# ....#
.#####.#.#
.$...#.#.############
..................#
#.######.#.#.##########.#
##.>.....u................
.........@................
...########..#######.#...#
........ #.#..##
#####.##.# #.#...# ... ..
#.##..# .### # #.##..# #.
#.##... #. ######' . #..


You could see a cyan ugly thing.

Vanquished Creatures
  2 hill giants
  An unseen horror (D:10)
  Maurice (D:10)
  Psyche (D:8)
  The ghost of Chiseanne the Chiller, an experienced OpIE (D:4)
  A troll (D:9)
  A two-headed ogre (D:8)
  Prince Ribbit (D:4)
  5 yaks (D:9)
  A wraith (D:10)
  Eustachio (D:10)
  A steam dragon (D:10)
  2 hungry ghosts
  2 insubstantial wisps (D:10)
  A soldier ant (D:11)
  A water moccasin (D:9)
  The ghost of Chiseanne the Skirmisher, an average OgBe of Trog (D:3)
  4 orc warriors
  4 sky beasts
  A black bear (D:8)
  2 phantoms
  A wasp (D:9)
  2 ice beasts
  8 ogres
  Sigmund (D:4)
  Duvessa (D:4)
  3 giant frogs
  2 big kobolds
  A jelly (D:3)
  3 scorpions
  3 killer bees (D:9)
  A giant frog zombie (D:8)
  3 hounds
  Dowan (D:4)
  2 centaur zombies
  5 crimson imps
  11 orc priests
  3 iguanas
  2 giant frog skeletons
  8 worker ants
  13 orc wizards
  A hound skeleton (D:9)
  A mummy (D:10)
  Robin (D:3)
  A worker ant zombie (D:9)
  11 adders
  4 gnolls (D:2)
  3 river rats (D:9)
  2 shadow imps
  2 worms
  4 giant geckos
  2 oozes
  53 orcs
  2 ball pythons
  19 bats
  7 giant cockroaches
  21 goblins
  12 hobgoblins
  8 jackals
  23 kobolds
  7 quokkas
  7 giant newts
  A goblin skeleton (D:4)
  A goblin zombie (D:4)
  A hobgoblin zombie (D:4)
  A kobold skeleton (D:4)
  2 kobold zombies (D:4)
  2 orc skeletons (D:4)
  An orc zombie (D:4)
  15 rats
  A ballistomycete (D:11)
  22 fungi (D:9)
  12 plants (D:9)
359 creatures vanquished.

Vanquished Creatures (others)
  A giant spore (D:11)
  4 fungi (D:9)
5 creatures vanquished.

Grand Total: 364 creatures vanquished

Notes
Turn   | Place    | Note
--------------------------------------------------------------
     0 | D:1      | Chiseanne, the Ogre Berserker, began the quest for the Orb.
     0 | D:1      | Reached XP level 1. HP: 24/24 MP: 1/1
   143 | D:1      | Reached XP level 2. HP: 25/32 MP: 2/2
   338 | D:1      | Acquired Trog's second power
   456 | D:1      | Reached XP level 3. HP: 40/40 MP: 3/3
   706 | D:2      | Reached skill level 5 in Maces & Flails
   878 | D:2      | Reached XP level 4. HP: 49/49 MP: 4/4
   891 | D:2      | Reached skill level 5 in Fighting
  1237 | D:2      | Reached XP level 5. HP: 57/57 MP: 5/5
  1756 | D:3      | Found an opulent altar of Gozag.
  2167 | D:3      | Acquired Trog's third power
  2404 | D:3      | Noticed Chiseanne's ghost (average OgBe)
  2416 | D:3      | Killed Chiseanne's ghost
  2416 | D:3      | Reached skill level 6 in Fighting
  2416 | D:3      | Reached XP level 6. HP: 61/67 MP: 6/6
  2457 | D:3      | Noticed Robin
  2462 | D:3      | Killed Robin
  3142 | D:4      | Noticed Chiseanne's ghost (experienced OpIE)
  3149 | D:4      | Killed Chiseanne's ghost
  3149 | D:4      | Reached skill level 5 in Dodging
  3149 | D:4      | Reached XP level 7. HP: 76/76 MP: 7/7
  3243 | D:4      | Found Gozag's Platinum Reserve.
  3244 | D:4      | Found an opulent altar of Gozag.
  3313 | D:4      | Reached skill level 7 in Fighting
  3730 | D:4      | Found a glowing golden altar of the Shining One.
  3935 | D:4      | Noticed Dowan
  3939 | D:4      | Noticed Duvessa
  3952 | D:4      | Killed Duvessa
  3952 | D:4      | Reached XP level 8. HP: 87/87 MP: 8/8
  3954 | D:4      | Killed Dowan
  4770 | D:4      | Noticed Sigmund
  4781 | D:4      | Killed Sigmund
  4781 | D:4      | Reached skill level 8 in Maces & Flails
  4955 | D:4      | Noticed Prince Ribbit
  4963 | D:4      | Killed Prince Ribbit
  5080 | D:5      | Entered Level 5 of the Dungeon
  5120 | D:5      | You fall through a shaft for 3 floors!
  5155 | D:8      | Reached skill level 9 in Maces & Flails
  5219 | D:8      | Reached XP level 9. HP: 97/97 MP: 9/9
  5380 | D:8      | Noticed Psyche
  5395 | D:8      | Killed Psyche
  5777 | D:8      | Reached skill level 10 in Maces & Flails
  5994 | D:8      | Noticed a two-headed ogre
  5998 | D:8      | Killed a two-headed ogre
  6302 | D:9      | Reached skill level 10 in Fighting
  6340 | D:9      | Reached XP level 10. HP: 91/110 MP: 10/10
  6437 | D:9      | Received a gift from Trog
  6437 | D:9      | Reached skill level 11 in Maces & Flails
  7089 | D:9      | Found a staircase to the Lair.
  7311 | D:9      | Reached skill level 12 in Maces & Flails
  7854 | D:10     | Entered Level 10 of the Dungeon
  7856 | D:10     | Noticed a hill giant
  7867 | D:10     | Killed a hill giant
  7868 | D:10     | Reached XP level 11. HP: 120/120 MP: 3/11
  7911 | D:10     | Reached skill level 13 in Maces & Flails
  8093 | D:10     | Noticed Maurice
  8097 | D:10     | Noticed Eustachio
  8108 | D:10     | Killed Maurice
  8306 | D:10     | Killed Eustachio
  8657 | D:10     | Killed an unseen horror
  8657 | D:10     | Reached skill level 10 in Dodging
  9056 | D:10     | Received a gift from Trog
  9279 | D:11     | Noticed a hill giant
  9292 | D:11     | Killed a hill giant
  9352 | D:11     | Reached skill level 1 in Throwing
  9444 | D:11     | Found a staircase to the Orcish Mines.
  9454 | D:11     | Received a gift from Trog
  9744 | D:11     | Slain by a cyan ugly thing

Action                   |  1- 3 |  4- 6 |  7- 9 | 10-12 || total
-------------------------+-------+-------+-------+-------++-------
Melee: Mace              |   102 |   208 |   288 |       ||   598
       Morningstar       |       |       |    96 |    28 ||   124
       Great mace        |       |       |       |   460 ||   460
Throw: Tomahawk          |       |       |       |     6 ||     6
       Large rock        |       |       |       |     2 ||     2
Invok: Berserk           |     3 |     2 |    10 |     5 ||    20
       Trog's Hand       |       |     1 |     4 |     9 ||    14
       Burn Spellbooks   |       |       |     1 |     1 ||     2
  Use: Scroll            |     4 |     3 |     4 |     2 ||    13
       Potion            |       |     1 |       |       ||     1
 Stab: Sleeping          |       |       |       |     1 ||     1
  Eat: Chunk             |     2 |     8 |    11 |    14 ||    35
       Royal jelly       |       |     1 |       |     1 ||     2
       Bread ration      |       |       |     3 |       ||     3
       Beef jerky        |       |       |     1 |     2 ||     3
       Fruit             |       |       |     1 |       ||     1
